[Event "December 12 Early 2023"]
[Site "https://www.chess.com"]
[Date "2023.12.12"]
[Round "1"]
[White "Bok, Benjamin"]
[Black "Dubnevych, Maksym"]
[Result "1-0"]
[Board "23"]
[TimeControl "180+1"]
[WhiteFideId "1017063"]
[BlackFideId "14184001"]
[WhiteElo "2948"]
[BlackElo "2513"]
[WhiteTeam "NED"]
[BlackTeam "UKR"]
[WhiteClock "0:00:02"]
[BlackClock "0:00:00"]

1. d4 Nf6 2. c4 e6 3. Nc3 Bb4 4. Qc2 d5 5. a3 Be7 6. Nf3 O-O 7. Bg5 h6 8. Bh4 c5 9. dxc5 dxc4 10. e3 Qa5 11. Bxc4 Qxc5 12. Bd3 e5 13. O-O Nc6 14. b4 Qd6 15. Rfd1 Qb8 16. b5 Nd8 17. Ne4 Nd5 18. Bg3 Bg4 19. Bxe5 Qc8 20. Qb3 Qe6 21. Bg3 Nb6 22. Qxe6 Nxe6 23. a4 Rac8 24. h3 Bh5 25. a5 Nd5 26. Rdc1 Bg6 27. Ne5 Bxe4 28. Bxe4 Nc3 29. Bf3 Ng5 30. Bg4 f5 31. Bh5 Nxb5 32. a6 b6 33. Be2 Nc3 34. Bf1 Nge4 35. Bh2 Bf6 36. f3 Nd2 37. Bd3 Rfe8 38. f4 Nd5 39. Kf2 Ne4+ 40. Bxe4 fxe4 41. Rxc8 Rxc8 42. Rd1 Nb4 43. Rd7 Bxe5 44. fxe5 Nd3+ 45. Kg3 g5 46. Rxa7 Nxe5 47. Rb7 Nc4 48. a7 b5 49. Rb8 1-0

[Event "December 12 Early 2023"]
[Site "https://www.chess.com"]
[Date "2023.12.12"]
[Round "1"]
[White "Zimmermann, Ulrich"]
[Black "Makarian, Rudik"]
[Result "1-0"]
[Board "24"]
[TimeControl "180+1"]
[WhiteFideId "24654523"]
[BlackFideId "44105681"]
[WhiteElo "2510"]
[BlackElo "2946"]
[WhiteTeam "GER"]
[BlackTeam "FID"]
[WhiteClock "0:00:21"]
[BlackClock "0:00:00"]

1. Nf3 Nf6 2. g3 d5 3. Bg2 e6 4. O-O Be7 5. d3 O-O 6. Nc3 c5 7. e4 Nc6 8. Nd2 d4 9. Ne2 e5 10. h3 Ne8 11. f4 exf4 12. gxf4 g6 13. f5 Ne5 14. Nf3 Nxf3+ 15. Rxf3 Bg5 16. Nf4 gxf5 17. Rg3 Kh8 18. Qh5 Rg8 19. Qxf7 Nd6 20. Qh5 fxe4 21. Ne6 Bxe6 22. Bxg5 Rxg5 23. Qxg5 Qxg5 24. Rxg5 e3 25. Rxc5 Rg8 26. Kh2 Nf5 27. Rf1 Nh4 28. Be4 Ng6 29. c3 e2 30. Re1 Nf4 31. Rc7 Rg7 32. Rxg7 Kxg7 33. cxd4 Kf6 34. Kg3 Nh5+ 35. Kf2 Nf4 36. Ke3 Nxh3 37. Rxe2 Bxa2 38. Rh2 Ng5 39. Rh6+ Kg7 40. Rd6 Be6 41. d5 Bh3 42. Rd8 Nf7 43. Rb8 h5 44. Rxb7 Kf6 45. d6 Nxd6 46. Rxa7 h4 47. Rh7 Kg5 48. Rg7+ Kf6 49. Rg6+ Ke7 50. Rh6 Be6 51. Rxh4 Nb5 52. Rh7+ Kf6 53. b4 Nd6 54. Rc7 Nb5 55. Rc5 Nd6 56. b5 Ke7 57. b6 1-0

[Event "December 12 Early 2023"]
[Site "https://www.chess.com"]
[Date "2023.12.12"]
[Round "1"]
[White "Sychev, Klementy"]
[Black "Baches Garcia, Guillermo"]
[Result "1-0"]
[Board "25"]
[TimeControl "180+1"]
[WhiteFideId "4114060"]
[BlackFideId "2209764"]
[WhiteElo "2941"]
[BlackElo "2510"]
[WhiteTeam "FID"]
[BlackTeam "ESP"]
[WhiteClock "0:00:15"]
[BlackClock "0:00:00"]

1. e4 c5 2. Nf3 d6 3. d4 cxd4 4. Nxd4 Nf6 5. Nc3 Nc6 6. Bg5 e6 7. Bb5 Bd7 8. Qd3 Be7 9. O-O-O Nxd4 10. Bxd7+ Qxd7 11. Qxd4 Qc6 12. Bxf6 Bxf6 13. Qxd6 Qxd6 14. Rxd6 Bxc3 15. bxc3 O-O 16. Rd7 Rfc8 17. Rhd1 g5 18. R1d3 b5 19. Rf3 Rf8 20. Rg3 h6 21. h4 f6 22. f4 Rf7 23. Rxf7 Kxf7 24. fxg5 hxg5 25. hxg5 Rg8 26. Kb2 fxg5 27. Kb3 Kf6 28. Kb4 Ke5 29. Rg4 a6 30. Ka5 Rc8 31. Kxa6 Rxc3 32. Kxb5 Rxc2 33. a4 Rb2+ 34. Kc6 Ra2 35. a5 Kd4 36. Kb6 e5 37. a6 Rb2+ 38. Kc7 Ra2 39. Kb7 Rb2+ 40. Ka8 Rb6 41. a7 Rg6 42. Kb7 Rg7+ 43. Kb6 Rg6+ 44. Kb5 Rg8 45. Rxg5 Rxg5 46. a8=Q Rxg2 47. Qd5+ 1-0

[Event "December 12 Early 2023"]
[Site "https://www.chess.com"]
[Date "2023.12.12"]
[Round "1"]
[White "Derjabin, Ilja"]
[Black "Chigaev, Maksim"]
[Result "0-1"]
[Board "26"]
[TimeControl "180+1"]
[WhiteFideId "14104768"]
[BlackFideId "4108116"]
[WhiteElo "2508"]
[BlackElo "2938"]
[WhiteTeam "UKR"]
[BlackTeam "ESP"]
[WhiteClock "0:00:30"]
[BlackClock "0:01:48"]

1. d4 Nf6 2. c4 g6 3. Nc3 Bg7 4. e4 d6 5. Nge2 O-O 6. Ng3 h5 7. Be2 h4 8. Nf1 Nc6 9. d5 Ne5 10. Bg5 h3 11. g4 c6 12. f3 a6 13. Ng3 b5 14. cxb5 axb5 15. O-O b4 16. Na4 cxd5 17. exd5 Qa5 18. Bxf6 Bxf6 19. Ne4 Bg7 20. f4 Qxa4 21. fxe5 Qxd1 22. Rfxd1 Bxe5 23. Rd2 f5 24. gxf5 Bxf5 25. Nf2 b3 26. a4 Bc2 27. Bd3 Bxb2 28. Rf1 Bc3 29. Rxc2 bxc2 30. Bxc2 Bd4 0-1

[Event "December 12 Early 2023"]
[Site "https://www.chess.com"]
[Date "2023.12.12"]
[Round "1"]
[White "Kamsky, Gata"]
[Black "Leenhouts, Koen"]
[Result "1/2-1/2"]
[Board "27"]
[TimeControl "180+1"]
[WhiteFideId "2000024"]
[BlackFideId "1008439"]
[WhiteElo "2924"]
[BlackElo "2507"]
[WhiteTeam "USA"]
[BlackTeam "NED"]
[WhiteClock "0:00:23"]
[BlackClock "0:00:04"]

1. d4 Nf6 2. Bf4 g6 3. c3 Bg7 4. Nf3 b6 5. h3 Bb7 6. e3 O-O 7. a4 d6 8. a5 c5 9. Be2 Nbd7 10. O-O bxa5 11. Nbd2 Bc6 12. c4 Rb8 13. d5 Ba8 14. Ra2 Nh5 15. Bh2 Rxb2 16. Rxb2 Bxb2 17. g4 Ng7 18. Qc2 Bf6 19. g5 Be5 20. Nxe5 Nxe5 21. f4 Nd7 22. e4 Qc7 23. f5 Rb8 24. Nb1 Qb6 25. Nc3 Qb2 26. Qd3 Qa3 27. Nb5 Qxd3 28. Bxd3 gxf5 29. exf5 Ne5 30. Bxe5 dxe5 31. f6 exf6 32. Rxf6 Bb7 33. Bc2 Nh5 34. Rh6 Nf4 35. Nd6 Ba6 36. Bxh7+ Kg7 37. Nf5+ Kh8 38. Rxa6 Kxh7 39. h4 Rb6 40. Rxa7 Kg6 41. Ne7+ Kh5 42. Kf2 Kg4 43. Nc6 Rb2+ 44. Ke1 Kf3 45. Nxe5+ Ke3 46. Ng4+ Kf3 47. Ne5+ Ke3 48. Ng4+ Kf3 49. Ne5+ 1/2-1/2

[Event "December 12 Early 2023"]
[Site "https://www.chess.com"]
[Date "2023.12.12"]
[Round "1"]
[White "Tulchynskyi, Feliks"]
[Black "Kovalenko, Igor"]
[Result "0-1"]
[Board "28"]
[TimeControl "180+1"]
[WhiteFideId "34127895"]
[BlackFideId "14117908"]
[WhiteElo "2506"]
[BlackElo "2924"]
[WhiteTeam "UKR"]
[BlackTeam "UKR"]
[WhiteClock "0:00:03"]
[BlackClock "0:00:40"]

1. d4 Nf6 2. c4 e6 3. Nf3 b6 4. Nc3 Bb4 5. Bd2 Bb7 6. a3 Bxc3 7. Bxc3 Ne4 8. Rc1 a5 9. e3 a4 10. Bd3 d6 11. O-O O-O 12. Nd2 Nxc3 13. Rxc3 f5 14. e4 f4 15. e5 dxe5 16. dxe5 Qg5 17. Nf3 Bxf3 18. Qxf3 Nd7 19. Qh3 Qh6 20. Bxh7+ Qxh7 21. Qxe6+ Rf7 22. Qd5 c6 23. Qxc6 Rd8 24. e6 Re7 25. exd7 Rexd7 26. Qxa4 Rd2 27. Qb3 Kf8 28. Qxb6 Qe4 29. Qb4+ Kg8 30. Qb3 Qe2 31. c5+ Kf8 32. Rf3 g5 33. Qc3 Kf7 34. Qb3+ Kg6 35. Qb6+ Kg7 36. Qc7+ R8d7 37. Qa5 Rd1 38. Qc3+ Kg6 39. Qd3+ R7xd3 0-1

[Event "December 12 Early 2023"]
[Site "https://www.chess.com"]
[Date "2023.12.12"]
[Round "1"]
[White "Christiansen, Johan-Sebastian"]
[Black "Shukhman, Anna"]
[Result "1-0"]
[Board "29"]
[TimeControl "180+1"]
[WhiteFideId "1512668"]
[BlackFideId "54180058"]
[WhiteElo "2921"]
[BlackElo "2506"]
[WhiteTeam "NOR"]
[BlackTeam "FID"]
[WhiteClock "0:02:24"]
[BlackClock "0:01:19"]

1. e4 c5 2. Nf3 e6 3. b4 cxb4 4. a3 Nc6 5. axb4 Bxb4 6. c3 Be7 7. d4 Nf6 8. Bd3 d5 9. e5 Ne4 10. O-O a5 11. Qc2 b6 12. Bxe4 dxe4 13. Qxe4 Bb7 14. Qg4 g6 15. Bh6 a4 16. Nbd2 a3 17. Rfb1 Bf8 18. Bg5 h5 19. Qf4 Be7 20. Ne4 Kf8 21. Nd6 Bxg5 22. Qxf7# 1-0

[Event "December 12 Early 2023"]
[Site "https://www.chess.com"]
[Date "2023.12.12"]
[Round "1"]
[White "Krzywda, Andrzej"]
[Black "Durarbayli, Vasif"]
[Result "0-1"]
[Board "30"]
[TimeControl "180+1"]
[WhiteFideId "1114565"]
[BlackFideId "13402935"]
[WhiteElo "2506"]
[BlackElo "2920"]
[WhiteTeam "POL"]
[BlackTeam "AZE"]
[WhiteClock "0:00:02"]
[BlackClock "0:00:12"]

1. e4 c5 2. Nf3 d6 3. d4 cxd4 4. Nxd4 Nf6 5. Nc3 a6 6. Be3 e5 7. Nb3 Be6 8. h3 Be7 9. Qf3 Nbd7 10. O-O-O Rc8 11. Nd5 Bxd5 12. exd5 O-O 13. Kb1 Nb6 14. Bxb6 Qxb6 15. Bd3 a5 16. Nd2 a4 17. a3 Qc5 18. c4 b5 19. cxb5 Qxd5 20. Qe2 Qxg2 21. Rdg1 Qb7 22. Rh2 Rfe8 23. Rhg2 Bf8 24. Ne4 Nxe4 25. Bxe4 d5 26. Bf5 g6 27. Bxc8 Rxc8 28. h4 Rc5 29. h5 Rxb5 30. hxg6 hxg6 31. Rg3 e4 32. Rc1 d4 33. Qc4 Rxb2+ 34. Ka1 Rb6 35. Rcg1 Bg7 36. Rc1 d3+ 37. Rc3 Rb1+ 38. Ka2 Qb2# 0-1

[Event "December 12 Early 2023"]
[Site "https://www.chess.com"]
[Date "2023.12.12"]
[Round "1"]
[White "Maksimovic, Bojan"]
[Black "Tay, Junior"]
[Result "0-1"]
[Board "31"]
[TimeControl "180+1"]
[WhiteFideId "14408120"]
[BlackFideId "5800439"]
[WhiteElo "2919"]
[BlackElo "2506"]
[WhiteTeam "BIH"]
[BlackTeam "SGP"]
[WhiteClock "0:00:01"]
[BlackClock "0:01:47"]

1. e4 c5 2. Nf3 d6 3. d4 cxd4 4. Nxd4 Nf6 5. Nc3 g6 6. Be3 Nc6 7. f3 h5 8. Qd2 Nxd4 9. Bxd4 Bh6 10. Be3 Bxe3 11. Qxe3 Be6 12. Bb5+ Kf8 13. O-O-O Qa5 14. a3 Rc8 15. Be2 Kg7 16. Rd4 Rc5 17. Rhd1 Rhc8 18. Kb1 Rxc3 19. bxc3 Qxa3 20. Rd5 Rc6 21. Qc1 Rb6+ 22. Rb5 Qa2# 0-1

[Event "December 12 Early 2023"]
[Site "https://www.chess.com"]
[Date "2023.12.12"]
[Round "1"]
[White "Kraiouchkine, Nikita"]
[Black "Indjic, Aleksandar"]
[Result "0-1"]
[Board "32"]
[TimeControl "180+1"]
[WhiteFideId "2607140"]
[BlackFideId "911925"]
[WhiteElo "2505"]
[BlackElo "2915"]
[WhiteTeam "CAN"]
[BlackTeam "SRB"]
[WhiteClock "0:00:07"]
[BlackClock "0:00:55"]

1. e4 e5 2. Nf3 Nc6 3. Nc3 Nf6 4. d4 Bb4 5. d5 Ne7 6. Nxe5 d6 7. Nf3 Nxe4 8. Qd4 Bxc3+ 9. bxc3 Nf6 10. c4 Nf5 11. Qd3 O-O 12. Be2 Re8 13. O-O Ne4 14. Bb2 Nc5 15. Qd2 Na4 16. Ba3 Bd7 17. Rfe1 Qf6 18. Rab1 b6 19. Bf1 h6 20. Bd3 g5 21. h3 a5 22. Rxe8+ Rxe8 23. Re1 Rxe1+ 24. Qxe1 Kf8 25. Bc1 Ne7 26. Be3 Nf5 27. Bd2 Nc5 28. Bc3 Qe7 29. Bxf5 Qxe1+ 30. Bxe1 Bxf5 31. Nd4 Bg6 32. f3 Ke8 33. Kf2 Kd7 34. Ke3 Na4 35. Kd2 f5 36. h4 f4 37. hxg5 hxg5 38. g3 Nb2 39. Kc3 Nd1+ 40. Kd2 Ne3 41. gxf4 Nxc4+ 42. Kc3 Ne3 43. fxg5 Nxd5+ 44. Kd2 c5 45. Ne2 b5 46. Bg3 b4 47. Nf4 Nxf4 48. Bxf4 d5 49. Be5 d4 50. f4 Kc6 51. Bf6 a4 52. Be7 a3 53. Bf8 Kb5 54. Be7 c4 55. Bf6 c3+ 56. Kc1 Kc4 57. Be5 d3 58. cxd3+ Bxd3 59. Bd6 b3 60. Bxa3 bxa2 61. Bb2 Kb3 62. Ba1 Bc2 63. g6 Bxg6 64. f5 Bxf5 65. Bxc3 Kxc3 66. Kd1 a1=Q+ 0-1

[Event "December 12 Early 2023"]
[Site "https://www.chess.com"]
[Date "2023.12.12"]
[Round "1"]
[White "Rasulov, Vugar"]
[Black "Herman, Matthew"]
[Result "1-0"]
[Board "33"]
[TimeControl "180+1"]
[WhiteFideId "13402390"]
[BlackFideId "2028964"]
[WhiteElo "2912"]
[BlackElo "2505"]
[WhiteTeam "AZE"]
[BlackTeam "USA"]
[WhiteClock "0:02:33"]
[BlackClock "0:02:31"]

1. e4 e5 2. Nf3 Nc6 3. Bb5 a6 4. Ba4 Nf6 5. Bxc6 dxc6 6. d3 Nd7 7. Nbd2 c5 8. Nc4 f6 9. O-O Nb8 10. Nfxe5 fxe5 11. Qh5+ Kd7 12. Nxe5+ Ke6 13. Qf7+ Kxe5 14. Bf4+ Kd4 15. Qc4# 1-0

[Event "December 12 Early 2023"]
[Site "https://www.chess.com"]
[Date "2023.12.12"]
[Round "1"]
[White "Koutlas, Nikolaos"]
[Black "Zakhartsov, Vladimir"]
[Result "0-1"]
[Board "34"]
[TimeControl "180+1"]
[WhiteFideId "25827138"]
[BlackFideId "4145097"]
[WhiteElo "2505"]
[BlackElo "2909"]
[WhiteTeam "GRE"]
[BlackTeam "RUS"]
[WhiteClock "0:02:22"]
[BlackClock "0:02:26"]

1. Nf3 c5 2. c4 g6 3. d4 cxd4 4. Nxd4 Bg7 5. Nc3 Nc6 6. Nc2 Bxc3+ 7. bxc3 d6 8. h4 Nf6 9. Bg5 Ne4 10. Qd3 Bf5 11. Qe3 Nxg5 12. hxg5 Bxc2 0-1

[Event "December 12 Early 2023"]
[Site "https://www.chess.com"]
[Date "2023.12.12"]
[Round "1"]
[White "Kovalev, Vladislav"]
[Black "Cervantes Landeiro, Thalia"]
[Result "1-0"]
[Board "35"]
[TimeControl "180+1"]
[WhiteFideId "13504398"]
[BlackFideId "3520498"]
[WhiteElo "2906"]
[BlackElo "2504"]
[WhiteTeam "FID"]
[BlackTeam "USA"]
[WhiteClock "0:00:16"]
[BlackClock "0:00:00"]

1. e4 c5 2. Nf3 d6 3. d4 cxd4 4. Nxd4 Nf6 5. f3 e5 6. Nb3 a5 7. c4 Nxe4 8. fxe4 Qh4+ 9. Kd2 a4 10. Nc3 axb3 11. g3 Qd8 12. Qxb3 Nc6 13. Nd5 Be7 14. Qb6 Bg5+ 15. Kc3 O-O 16. Qxd8 Bxd8 17. Bd3 Be6 18. Be3 Bxd5 19. cxd5 Ba5+ 20. Kb3 Nd4+ 21. Bxd4 exd4 22. Rac1 Rfc8 23. Rhd1 Bb6 24. a3 Kf8 25. Rc4 Bc5 26. Rc2 Rc7 27. Rdc1 Rac8 28. e5 Ke7 29. Bf5 Rd8 30. e6 g6 31. Bh3 f5 32. Ka2 Rdc8 33. b4 Bb6 34. Rxc7+ Rxc7 35. Rxc7+ Bxc7 36. Kb3 Bb6 37. Kc4 Kf6 38. a4 g5 39. a5 Bc7 40. Kxd4 g4 41. Bf1 Bb8 42. b5 Ba7+ 43. b6 Bb8 44. Bd3 h5 45. Ke3 1-0

[Event "December 12 Early 2023"]
[Site "https://www.chess.com"]
[Date "2023.12.12"]
[Round "1"]
[White "Shinkarev, M"]
[Black "Harsha Bharathakoti"]
[Result "0-1"]
[Board "36"]
[TimeControl "180+1"]
[WhiteFideId "4145348"]
[BlackFideId "5078776"]
[WhiteElo "2503"]
[BlackElo "2905"]
[WhiteTeam "RUS"]
[BlackTeam "IND"]
[WhiteClock "0:00:07"]
[BlackClock "0:00:06"]

1. c4 f5 2. g3 Nf6 3. Bg2 g6 4. d4 Bg7 5. Nc3 O-O 6. h4 d6 7. d5 Na6 8. Nh3 Bd7 9. O-O Nc5 10. Nf4 c6 11. Be3 Rc8 12. Bxc5 dxc5 13. Ne6 Bxe6 14. dxe6 Ng4 15. Qb3 Qc7 16. Rad1 Rcd8 17. Qa3 f4 18. Bh3 Rxd1 19. Nxd1 Nf6 20. g4 Qe5 21. g5 Ne4 22. Nc3 Nxc3 23. bxc3 Qxe2 24. Qxc5 Qh5 25. f3 Qxh4 26. Bg2 Bxc3 27. Rd1 Re8 28. Qxa7 Bd2 29. Rxd2 Qe1+ 30. Kh2 Qxd2 31. Qxb7 Qd6 32. Bh3 Qc5 33. Qc7 Ra8 34. Qxf4 Qd6 35. Qxd6 exd6 36. e7 Kf7 37. Bd7 Kxe7 38. Bxc6 Rxa2+ 39. Kg3 Rd2 40. Bd5 Rd4 41. Bg8 Kf8 42. f4 Kxg8 0-1

[Event "December 12 Early 2023"]
[Site "https://www.chess.com"]
[Date "2023.12.12"]
[Round "1"]
[White "Shubin, Kirill"]
[Black "Grutter, Tim"]
[Result "1-0"]
[Board "37"]
[TimeControl "180+1"]
[WhiteFideId "34119962"]
[BlackFideId "1057472"]
[WhiteElo "2901"]
[BlackElo "2502"]
[WhiteTeam "FID"]
[BlackTeam "NED"]
[WhiteClock "0:01:49"]
[BlackClock "0:00:00"]

1. e4 c5 2. Nf3 d6 3. Bb5+ Nd7 4. Ba4 Nf6 5. O-O g6 6. Re1 Bg7 7. c3 O-O 8. d4 e5 9. dxe5 Nxe5 10. Nxe5 dxe5 11. Qe2 Qc7 12. c4 Bg4 13. f3 Be6 14. Nc3 Rfd8 15. Be3 b6 16. Rac1 Nh5 17. Nd5 Bxd5 18. cxd5 Nf4 19. Qd2 Qd6 20. b4 Rac8 21. bxc5 bxc5 22. g3 Nh5 23. Qa5 Bf8 24. Bc6 Qc7 25. Qxc7 Rxc7 26. Bxc5 Bxc5+ 27. Rxc5 Nf6 28. Rb5 g5 29. Reb1 g4 30. Kf2 gxf3 31. Kxf3 Kf8 32. Rb7 Rdc8 33. a4 Ke7 34. a5 Ne8 35. Bxe8 Kxe8 36. Kg4 Ke7 37. Kf5 f6 38. a6 Kd6 39. Rxc7 Rxc7 40. Rb7 Rc2 41. Rxa7 Rxh2 42. Kxf6 Rf2+ 43. Kg5 Re2 44. Ra8 Kc5 45. a7 Kb6 46. Kf5 Rg2 47. Kxe5 Rxg3 48. d6 Rg5+ 49. Kf6 Rg6+ 50. Ke5 Kb7 51. Kd5 Kxa8 52. d7 Rg8 53. e5 Kxa7 54. e6 Rd8 55. Kc6 Kb8 56. e7 1-0

[Event "December 12 Early 2023"]
[Site "https://www.chess.com"]
[Date "2023.12.12"]
[Round "1"]
[White "Dinu, Dumitru-Daniel"]
[Black "Ashraf, Artin"]
[Result "0-1"]
[Board "38"]
[TimeControl "180+1"]
[WhiteFideId "1208403"]
[BlackFideId "22514805"]
[WhiteElo "2502"]
[BlackElo "2901"]
[WhiteTeam "ROU"]
[BlackTeam "IRI"]
[WhiteClock "0:00:04"]
[BlackClock "0:00:06"]

1. e4 e5 2. Nf3 Nc6 3. Bb5 a6 4. Ba4 Nf6 5. d3 d6 6. c3 b5 7. Bb3 Be7 8. O-O O-O 9. Re1 Na5 10. Bc2 c5 11. Nbd2 Qc7 12. Nf1 c4 13. d4 Nc6 14. Ne3 exd4 15. Nxd4 Nxd4 16. Qxd4 Be6 17. Nd5 Bxd5 18. exd5 Rfe8 19. Bg5 h6 20. Bh4 Qc5 21. Qxc5 dxc5 22. Bxf6 Bxf6 23. d6 Red8 24. Rad1 g6 25. d7 Kf8 26. Be4 Ra7 27. Bc6 Be7 28. Re3 Rc7 29. Rde1 Rxc6 30. Rxe7 Kg7 31. Rd1 Re6 32. Rxe6 fxe6 33. Rd6 Kf6 34. Kf1 Ke7 35. Rxa6 Rxd7 36. Ke2 b4 37. Rc6 Ra7 38. Rxc5 Rxa2 39. Rxc4 Rxb2+ 40. Kf3 Rb3 41. Rxb4 Rxc3+ 42. Ke2 Kf6 43. Re4 Rc2+ 44. Kf3 Kf5 45. Re3 Rc4 46. Kg3 Rg4+ 47. Kf3 Rf4+ 48. Ke2 e5 49. h3 Rb4 50. Kf3 Rb2 51. g4+ Kf6 52. Kg3 Rb4 53. Ra3 Rc4 54. Ra6+ Kf7 55. f3 Rc3 56. Rb6 e4 57. Rb7+ Kf6 58. Rb6+ Kf7 59. Rb7+ Ke8 60. Kf4 exf3 61. Kg3 f2+ 62. Kxf2 Rxh3 63. Kg2 Rh4 64. Rb6 Rxg4+ 65. Kf3 h5 66. Rf6 Ke7 67. Ra6 Kf7 68. Rb6 Kg7 69. Rb5 Kh6 70. Rb3 Kg5 71. Rb1 Rf4+ 72. Kg3 Rf5 73. Rh1 h4+ 74. Kh3 Rf3+ 75. Kg2 Rg3+ 76. Kf2 Kg4 77. Rd1 g5 78. Re1 Kh3 79. Rh1+ Kg4 80. Re1 Rb3 81. Re4+ Kf5 82. Rc4 Rd3 83. Kg2 Kg6 84. Rc5 Kh5 85. Rc4 h3+ 86. Kh2 g4 87. Rc2 Kh4 88. Rc8 g3+ 89. Kg1 Rd1# 0-1

[Event "December 12 Early 2023"]
[Site "https://www.chess.com"]
[Date "2023.12.12"]
[Round "1"]
[White "Mitrabha, Guha"]
[Black "Centron Antuna, Daniel"]
[Result "1-0"]
[Board "39"]
[TimeControl "180+1"]
[WhiteFideId "5057000"]
[BlackFideId "22288694"]
[WhiteElo "2899"]
[BlackElo "2501"]
[WhiteTeam "IND"]
[BlackTeam "ESP"]
[WhiteClock "0:01:46"]
[BlackClock "0:00:00"]

1. Nf3 d5 2. c4 e6 3. e3 Nf6 4. Nc3 Be7 5. d4 O-O 6. b3 b6 7. Bb2 Bb7 8. cxd5 Nxd5 9. Bd3 Nd7 10. O-O N7f6 11. Rc1 Rc8 12. Ne2 c5 13. Bb1 cxd4 14. Nexd4 Rxc1 15. Qxc1 Qa8 16. e4 Nb4 17. e5 Nfd5 18. a3 Rc8 19. Qd2 Nc6 20. Nb5 Rd8 21. Qc2 g6 22. Qc1 a6 23. Nd6 Qb8 24. Qh6 Bf8 25. Qh4 Bg7 26. Nxf7 Kxf7 27. Ng5+ Ke7 28. Qxh7 Rg8 29. Qxg6 Nd8 30. a4 Qa8 31. Ba3+ Kd7 32. Nxe6 Bxe5 33. Qxg8 Nxe6 34. Qf7+ Kd8 35. Qxe6 Nf4 36. Qe7+ Kc8 37. Qe8+ Kc7 38. Qxe5+ Kd7 39. Bf5+ 1-0

[Event "December 12 Early 2023"]
[Site "https://www.chess.com"]
[Date "2023.12.12"]
[Round "1"]
[White "Spichkin, Alexander"]
[Black "Galchenko, Matvey"]
[Result "0-1"]
[Board "40"]
[TimeControl "180+1"]
[WhiteFideId "4144074"]
[BlackFideId "24175480"]
[WhiteElo "2501"]
[BlackElo "2898"]
[WhiteTeam "RUS"]
[BlackTeam "FID"]
[WhiteClock "0:01:22"]
[BlackClock "0:00:16"]

1. f4 b6 2. Nf3 Bb7 3. e3 g6 4. Be2 Bg7 5. O-O Nf6 6. d3 d5 7. Nc3 O-O 8. Qe1 c5 9. Qh4 Nc6 10. e4 dxe4 11. dxe4 Nd4 12. Bd1 Nxf3+ 13. Bxf3 Qd4+ 14. Kh1 Nxe4 15. Nxe4 Bxe4 16. Rd1 Qc4 17. f5 Rad8 18. Bg5 gxf5 19. Bh6 Qe6 20. Bxg7 Kxg7 21. Re1 Rd4 22. Bh5 Qf6 23. Qg3+ Kh8 24. c3 Rdd8 25. Rf1 Rg8 26. Qf2 Rxg2 27. Qxg2 Bxg2+ 28. Kxg2 Qg5+ 29. Bg4 Qxg4+ 30. Kh1 Rd2 31. Rg1 Qf3+ 0-1

[Event "December 12 Early 2023"]
[Site "https://www.chess.com"]
[Date "2023.12.12"]
[Round "1"]
[White "Riehle, Marco"]
[Black "Pujari, Rucha"]
[Result "1-0"]
[Board "41"]
[TimeControl "180+1"]
[WhiteFideId "12904392"]
[BlackFideId "5024528"]
[WhiteElo "2893"]
[BlackElo "2501"]
[WhiteTeam "GER"]
[BlackTeam "IND"]
[WhiteClock "0:00:42"]
[BlackClock "0:00:03"]

1. e4 e5 2. Nf3 Nc6 3. Bc4 Nf6 4. d4 exd4 5. O-O Nxe4 6. Nc3 Nxc3 7. bxc3 d5 8. Bd3 Be7 9. Re1 O-O 10. cxd4 Bg4 11. c3 h6 12. h3 Bh5 13. Bf4 Bd6 14. Be5 Nxe5 15. dxe5 Bc5 16. g4 Bg6 17. Bxg6 fxg6 18. Kg2 c6 19. Qb1 Rxf3 20. Kxf3 Qf8+ 21. Ke2 Qxf2+ 22. Kd1 Qf3+ 23. Kc2 b5 24. Qd1 Qxh3 25. e6 Re8 26. Rb1 Kh7 27. Rb3 a5 28. Qe2 a4 29. Rbb1 Qg3 30. Rbd1 b4 31. Rd3 Qb8 32. Rb1 b3+ 33. axb3 axb3+ 34. Rxb3 Qd6 35. Rb7 Rxe6 36. Qg2 Qe5 37. g5 Qe2+ 38. Qxe2 Rxe2+ 39. Rd2 Rxd2+ 40. Kxd2 hxg5 41. Rc7 d4 42. c4 Bb4+ 43. Kd3 c5 44. Rc8 Kh6 45. Rh8# 1-0

[Event "December 12 Early 2023"]
[Site "https://www.chess.com"]
[Date "2023.12.12"]
[Round "1"]
[White "Parfenov, Viktor N."]
[Black "Rakhmanov, Aleksandr"]
[Result "0-1"]
[Board "42"]
[TimeControl "180+1"]
[WhiteFideId "4165969"]
[BlackFideId "4173708"]
[WhiteElo "2500"]
[BlackElo "2889"]
[WhiteTeam "RUS"]
[BlackTeam "FID"]
[WhiteClock "0:00:19"]
[BlackClock "0:00:29"]

1. e4 c5 2. Nf3 Nf6 3. e5 Nd5 4. g3 Nc6 5. Bg2 g6 6. O-O Bg7 7. Re1 O-O 8. Nc3 Nc7 9. b3 Ne6 10. Bb2 Ned4 11. Nd5 d6 12. Nxd4 cxd4 13. exd6 Qxd6 14. a4 Be6 15. Ba3 Qd7 16. Nf4 Bg4 17. Bxc6 bxc6 18. Rxe7 Qxe7 19. Qxg4 c5 20. Nd3 Rac8 21. Re1 Qd6 22. Qg5 Rfe8 23. Rxe8+ Rxe8 24. Bxc5 Qc6 25. b4 Qxa4 26. h4 Qxc2 0-1

[Event "December 12 Early 2023"]
[Site "https://www.chess.com"]
[Date "2023.12.12"]
[Round "1"]
[White "Demchenko, Anton"]
[Black "Kruckenhauser, Arthur"]
[Result "1-0"]
[Board "43"]
[TimeControl "180+1"]
[WhiteFideId "4160258"]
[BlackFideId "1642812"]
[WhiteElo "2885"]
[BlackElo "2499"]
[WhiteTeam "SLO"]
[BlackTeam "AUT"]
[WhiteClock "0:01:22"]
[BlackClock "0:00:57"]

1. e4 c5 2. Nf3 d6 3. d4 cxd4 4. Qxd4 Nf6 5. Nc3 a6 6. Bg5 Nc6 7. Qd2 e6 8. O-O-O Be7 9. Bd3 Qa5 10. Kb1 O-O 11. h4 b5 12. g4 b4 13. Ne2 Nxg4 14. Ned4 Nxd4 15. Nxd4 Bf6 16. Bxf6 Nxf6 17. Rdg1 Bb7 18. Qh6 Ne8 19. e5 g6 20. Nxe6 fxe6 21. Bxg6 Rf7 22. Bxh7+ Kh8 23. Rg8# 1-0

[Event "December 12 Early 2023"]
[Site "https://www.chess.com"]
[Date "2023.12.12"]
[Round "1"]
[White "Yaniuk, Volodymyr"]
[Black "Mahdavi, Reza"]
[Result "0-1"]
[Board "44"]
[TimeControl "180+1"]
[WhiteFideId "14133083"]
[BlackFideId "12595926"]
[WhiteElo "2495"]
[BlackElo "2885"]
[WhiteTeam "UKR"]
[BlackTeam "IRI"]
[WhiteClock "0:00:56"]
[BlackClock "0:01:34"]

1. d4 Nf6 2. c4 g6 3. Nc3 d5 4. cxd5 Nxd5 5. Qb3 Nxc3 6. bxc3 Bg7 7. Nf3 O-O 8. a4 c5 9. e3 Nc6 10. Ba3 Be6 11. Qb2 cxd4 12. cxd4 Qa5+ 13. Qd2 Bd5 14. Bb5 Qxd2+ 15. Kxd2 Na5 16. Ke2 Rfc8 17. Rac1 Nb3 18. Rxc8+ Rxc8 19. Bd3 Rc7 20. Rb1 Rc3 21. Ne1 Nxd4+ 22. exd4 Rxa3 23. Bb5 a6 24. Bd7 Bxd4 25. Rd1 e5 26. Nd3 Bc4 27. f3 f5 0-1

[Event "December 12 Early 2023"]
[Site "https://www.chess.com"]
[Date "2023.12.12"]
[Round "1"]
[White "Steinberg, Nitzan"]
[Black "Reprintsev, Alexander"]
[Result "1-0"]
[Board "45"]
[TimeControl "180+1"]
[WhiteFideId "2801795"]
[BlackFideId "14100541"]
[WhiteElo "2881"]
[BlackElo "2495"]
[WhiteTeam "ISR"]
[BlackTeam "UKR"]
[WhiteClock "0:00:25"]
[BlackClock "0:00:02"]

1. e4 d5 2. exd5 Qxd5 3. Nc3 Qa5 4. Nf3 Nc6 5. d4 Bg4 6. Bb5 O-O-O 7. Bxc6 bxc6 8. h3 Qh5 9. Qe2 Bxf3 10. gxf3 Kb7 11. Be3 e6 12. Rg1 h6 13. O-O-O Nf6 14. Rd3 Ka8 15. Kb1 g6 16. Na4 Qb5 17. b3 Ba3 18. c4 Qf5 19. Ka1 Rb8 20. Nc3 Qa5 21. Bf4 Bd6 22. Bxd6 cxd6 23. Ne4 Ne8 24. d5 cxd5 25. cxd5 e5 26. Rc1 f5 27. Nd2 Nf6 28. Rc6 Rhc8 29. Nc4 Qb4 30. Nxd6 Rxc6 31. dxc6 Qc5 32. Nc4 Nd5 33. Qxe5 Rd8 34. c7 1-0